 Dungeon Crawl Stone Soup version 0.29-a0-1033-gb6c65ffae6 (webtiles) character file.

Game seed: 10602924935791826201

37 ytrimaz the Chopper (level 3, 25/29 HPs)
             Began as a Demonspawn Berserker on Aug 14, 2022.
             Was a Follower of Trog.
             Quit the game on level 1 of the Dungeon.
             The game lasted 00:02:49 (985 turns).

ytrimaz the Chopper (Demonspawn Berserker)           Turns: 985, Time: 00:02:49

Health: 25/29      AC:  3    Str: 25    XL:     3   Next: 23%
Magic:  3/3        EV: 12    Int:  8    God:    Trog [*.....]
Gold:   48         SH:  4    Dex: 12    Spells: 2/2 levels left

rFire   . . .      SeeInvis .   a - +0 hand axe
rCold   . . .      Faith    .   (no shield)
rNeg    . . .      Spirit   .   b - +0 animal skin
rPois   .          Reflect  .   (no helmet)
rElec   .          Harm     .   (no cloak)
rCorr   .          Rampage  .   c - +0 pair of gloves
Will    .....                   (no boots)
Stlth   +.........              (no amulet)
HPRegen 0.09/turn               g - +6 ring of strength
MPRegen 0.08/turn               (no ring)

@: no status effects
A: condensation shield
a: Renounce Religion, Berserk


You were on level 1 of the Dungeon.
You worshipped Trog.
Trog was aware of your devotion.
You visited 1 branch of the dungeon, and saw 2 of its levels.

You collected 48 gold pieces.

Inventory:

Hand Weapons
 a - a +0 hand axe (weapon)
Armour
 b - a +0 animal skin (worn)
 c - a +0 pair of gloves (worn)
Jewellery
 g - a +6 ring of strength (left hand)
Scrolls
 h - a scroll of identify {unknown}
Potions
 d - a potion of degeneration {unknown}
 e - a potion of berserk rage {unknown}
 f - a potion of cancellation {unknown}


   Skills:
 - Level 3.0 Fighting
 + Level 3.7 Axes
 + Level 2.2 Armour
 - Level 1.7 Dodging
 + Level 0.1 Shields


You had 2 spell levels left.
You didn't know any spells.
Your spell library was empty.

Dungeon Overview and Level Annotations

Branches:
Dungeon (2/15)

Altars:


Innate Abilities, Weirdness & Mutations

A meltable shield of frost defends you. (SH +4)


Message History

The jackal is lightly wounded.
You hit the jackal.
You kill the jackal!
Trog accepts your kill.
You completely miss the jackal.
The jackal bites you but does no damage.
You block the jackal's attack. The jackal barely misses you.
The jackal bites you but does no damage.
You completely miss the jackal.
The jackal is lightly wounded.
You hit the jackal.
The jackal bites you but does no damage.
The jackal closely misses you.
You hit the jackal.
The jackal is almost dead.
You closely miss the jackal.
The jackal bites you but does no damage.
You block the jackal's attack. The jackal bites you.
The jackal closely misses you.
You hit the jackal.
The jackal is moderately wounded.
You hit the jackal but do no damage.
The jackal bites you but does no damage.
The jackal barely misses you. The jackal bites you.
Unknown command.
You barely miss the jackal.
The jackal is almost dead.
You slash the jackal!
You kill the jackal!
Trog accepts your kill. The jackal bites you. The jackal barely misses you.
Unknown command.
You hit the jackal but do no damage.
The jackal is severely wounded.
The jackal closely misses you.
You hit the jackal.
You kill the jackal!
Trog accepts your kill.
You see here a jackal corpse.
Are you sure you want to abandon this character and quit the game? (Confirm with "yes".)

##.....###..#########.
##...## #............
##'## #.##..##.###.
#.# # #.# #.# #. #.#
#. ..# #. ##.#### #.
##†..#.## #.
#.......#.## ##
##..@.......
............!..
#######.....###
##...## #.## ##


There were no monsters in sight!

Vanquished Creatures
  A gnoll (D:1)
  5 endoplasms (D:1)
  A giant cockroach (D:1)
  2 goblins (D:1)
  A hobgoblin (D:1)
  5 jackals (D:1)
  3 kobolds
  4 bats (D:1)
  A frilled lizard (D:1)
  3 rats (D:1)
26 creatures vanquished.

Vanquished Creatures (others)
  5 fungi (D:1)
  4 plants (D:1)
9 creatures vanquished.

Grand Total: 35 creatures vanquished

Notes
Turn   | Place    | Note
-------+----------+-------------------------------------------
     0 | D:1      | ytrimaz the Demonspawn Berserker began the quest for the
                  | Orb.
     0 | D:1      | Reached XP level 1. HP: 18/18 MP: 1/1
     4 | D:1      | Upgraded the game from 0.29-a0-1027-gcd8c55af63 to
                  | 0.29-a0-1033-gb6c65ffae6
   302 | D:1      | Gained mutation: A meltable shield of frost defends you.
                  | (SH +4) [demonic ancestry]
   302 | D:1      | Reached XP level 2. HP: 24/24 MP: 2/2
   557 | D:1      | Found a faded altar of an unknown god.
   647 | D:1      | Reached XP level 3. HP: 23/29 MP: 3/3
   833 | D:1      | You fall into a shaft and drop 1 floor!
   985 | D:1      | Quit the game

Illustrated notes

Levels and vault maps discovered:
D:1:      minmay_arrival_semitransparent, layout_loops_corners,
          dreamdust_ecumenical_altar_grove, minmay_strange_pillars
D:2:      layout_basic, uniq_jessica

Skill      XL: |  1  2 |
---------------+-------+-----
Axes           | 3 |  3.7
Armour         | 2 |  2.2
Fighting       | |  3.0
Dodging        | |  1.7
Shields        | |  0.1

Action                   || total
-------------------------++-------
Melee: Hand axe          ||    83
       Punch             ||     1
 Stab: Sleeping          ||     1
Armor: Animal skin       ||    28
Dodge: Dodged            ||    55
Block: Other             ||    12

Table legend: (Time is in decaauts)
 A = Elapsed time spent in this place.
 B = Non-inter-level travel time spent in this place.
 C = Inter-level travel time spent in this place.
 D = Time resting spent in this place.
 E = Time spent auto-exploring this place.
 F = Levels seen in this place.
 G = Mean time per level.
                   A        B        C        D        E       F      G
               +--------+--------+--------+--------+--------+-----+--------+
         Total |    995 |    987 |      8 |    105 |    640 |   2 |  497.5 |
       Dungeon |    995 |    987 |      8 |    105 |    640 |   2 |  497.5 |
               +--------+--------+--------+--------+--------+-----+--------+

Top non-repeatable levels by time:
     D:1: 859 daAuts
     D:2: 135 daAuts
